 Dungeon Crawl Stone Soup version 0.27-a0-54-g64bdb92e38 (webtiles) character file.

Game seed: 6767064579881693114

9075 wakim the Geomancer (level 11, -6/60 HPs)
             Began as a Gargoyle Earth Elementalist on Jan 6, 2021.
             Was a Priest of Vehumet.
             Mangled by a shadow (19 damage)
             ... on level 10 of the Dungeon on Jan 7, 2021.
             The game lasted 01:07:59 (13195 turns).

wakim the Geomancer (Gargoyle Earth Elementalist)  Turns: 13195, Time: 01:07:59

Health: -6/60      AC: 14    Str: 12    XL:     11   Next: 40%
Magic:  4/20       EV: 11    Int: 25    God:    Vehumet [***...]
Gold:   683        SH: 11    Dex: 10    Spells: 9/22 levels left

rFire    . . .     SeeInvis .   a - +3 mace (protect)
rCold    + . .     Faith    .   r - +0 kite shield
rNeg     + . .     Spirit   .   D - +2 robe {rC+}
rPois    ∞         Reflect  .   o - +0 helmet
rElec    +         Harm     .   n - +0 cloak
rCorr    .         Rampage  .   j - -1 pair of gloves of the Morning {rElec}
Will     .....                  (no boots)
Stlth    +++.......             u - amulet of regeneration
HPRegen  0.60/turn              i - ring of stealth
MPRegen  0.17/turn              p - +6 ring of intelligence

@: no status effects
A: mutation resistance 1, negative energy resistance 1, electricity resistance,
wild magic 1, unbreathing, petrification resistance, miasma immunity, AC +8
a: Renounce Religion


You were on level 10 of the Dungeon.
You worshipped Vehumet.
Vehumet was most pleased with you.
You visited 2 branches of the dungeon, and saw 12 of its levels.
You also visited: Sewer.

You collected 683 gold pieces.

Inventory:

Hand Weapons
 a - a +3 mace of protection (weapon)
 q - a +0 morningstar of pain
Missiles
 A - 274 stones
Armour
 h - a +1 leather armour of fire resistance
 j - the -1 pair of gloves of the Morning (worn) {rElec}
   (You found it on level 5 of the Dungeon)

   It insulates you from electricity.
 n - a +0 cloak (worn)
 o - a +0 helmet (worn)
 r - a +0 kite shield (worn)
 v - +0 acid dragon scales
 C - a +2 leather armour of willpower
 D - a +2 robe of cold resistance (worn)
 J - a +2 tower shield
Magical Staves
 b - an uncursed staff of cold
Jewellery
 g - a +6 ring of strength
 i - a ring of stealth (left hand)
 m - an uncursed ring of flight
 p - a +6 ring of intelligence (right hand)
 u - an amulet of regeneration (around neck)
 w - an uncursed ring of resist corrosion {unknown}
 y - an uncursed ring of ice
Wands
 z - a wand of polymorph (11)
 K - a wand of random effects (5)
Scrolls
 e - a scroll of blinking
 f - 8 scrolls of teleportation
 k - 5 scrolls of identify
 l - 4 scrolls of remove curse
 s - 2 scrolls of enchant armour
 G - a scroll of enchant weapon
 I - 2 scrolls of fog
Potions
 c - a potion of cancellation
 d - 9 potions of curing
 t - 3 potions of invisibility
 x - a potion of flight
 B - 2 potions of magic
 E - 2 potions of heal wounds


   Skills:
 + Level 3.5 Fighting
 + Level 4.0 Maces & Flails
 + Level 1.9 Dodging
 - Level 4.0 Stealth
 + Level 10.1 Shields
 - Level 6.0 Spellcasting
 + Level 7.3 Conjurations
 - Level 1.1 Transmutations
 + Level 11.9 Earth Magic


You had 9 spell levels left.
You knew the following spells:

 Your Spells              Type           Power        Failure   Level
a - Sandblast             Erth           100%         1%          1
b - Stone Arrow           Conj/Erth      100%         1%          3
c - Lee's Rapid Deconstr  Erth           36%          1%          5
d - Petrify               Tmut/Erth      51%          14%         4

Your spell library contained the following spells:

 Spells                   Type           Power        Failure   Level
 Ignite Poison            Fire/Tmut/Pois 12%          13%         3
 Magic Dart               Conj           100%         1%          1
 Passwall                 Tmut/Erth      42%          2%          2
 Conjure Flame            Conj/Fire      33%          3%          3
 Dazzling Flash           Conj/Hex       66%          3%          3
 Mephitic Cloud           Conj/Pois/Air  25%          6%          3
 Corona                   Hex            10%          21%         1
 Blink                    Tloc           N/A          28%         2
 Call Imp                 Summ           9%           28%         2
 Ensorcelled Hibernation  Hex/Ice        18%          28%         2
 Slow                     Hex            9%           28%         2
 Confusing Touch          Hex            9%           47%         3
 Tukima's Dance           Hex            9%           47%         3


Dungeon Overview and Level Annotations

Branches:
Dungeon (11/15)            Temple (1/1) D:7            Lair (0/6) D:8
    Orc (0/2) D:11          Sewer (visited)

Altars:
Ashenzari
Cheibriados
Elyvilon
Fedhas
Gozag
Hepliaklqana
Kikubaaqudgha
Makhleb
Nemelex Xobeh
Okawaru
Qazlal
Ru
Sif Muna
Trog
Uskayaw
Vehumet
Wu Jian
Xom
Yredelemnul
Zin
The Shining One
Lugonu

Shops:
D:7 (

Annotations:
D:3 Sigmund
D:6 2 transporters, arkorax's ghost, novice DsNe
D:7 2 transporters


Innate Abilities, Weirdness & Mutations

You are resistant to torment.
Your stone body is resilient. (AC +8)
You are immune to poison.
You resist negative energy. (rN+)
You are resistant to electric shocks. (rElec)
You can survive without breathing.
You are immune to petrification.
You are immune to miasma.
You are somewhat resistant to further mutation.
Your spells are a little harder to cast, but a little more powerful.


Message History

* * * LOW HITPOINT WARNING * * *
You climb upwards.
There is a stone staircase leading down here.
You are too injured to fight recklessly!
Casting: Lee's Rapid Deconstruction (dangerous; 1% risk of failure)
Confirm with . or Enter, or press ? or * to list all spells.
Aiming: Stone Arrow (safe; 1% risk of failure)
Press: ? - help, Shift-Dir - straight line, f - shadow
Aim: a shadow (22% to evade)
The stone arrow hits the shadow!
The shadow is heavily damaged.
The shadow slips into darkness.
The shadow flickers and vanishes!
Deactivating autopickup; reactivate with Ctrl-A.
Casting: Stone Arrow (safe; 1% risk of failure)
Confirm with . or Enter, or press ? or * to list all spells.
You can't see any susceptible monsters within range! (Use Z to cast anyway.) Unknown command.
The shadow strikes at you from the darkness!
You die...

...##..............#.....)..##
....#....#.........##..#..#..###
....##..###.#...#..##..#.##..#.#
..#.....##...#..#.........#.#..##
..#.##..##...#..#.........#.#....
.##.........##..##.......#.....#.
..##............#........#######.
.....##..................##.###..
#..###..........@..##.)..........
...# #..............##...........
#..###..........##....)..........
#..#.........>..###...##.##......
#..##...........# ###.##.........
##..............## #.##..#.#....
.................# ##.###.#......
........#.#......# #........##...
........###.#....###.............


There were no monsters in sight!

Vanquished Creatures
  A two-headed ogre (D:10)
  A skeletal warrior (D:9)
  A cyclops (D:9)
  A gargoyle (D:10)
  Maggie (D:6)
  A komodo dragon (D:8)
  A shadow (D:11)
  3 wraiths
  Duvessa (D:7)
  A phantom (D:11)
  A black bear (D:9)
  6 ogres
  4 orc warriors
  2 ice beasts
  5 centaurs
  An elf zombie (D:7)
  11 big kobolds
  7 bullfrogs
  A wyvern zombie (D:10)
  A scorpion (D:11)
  Dowan (D:7)
  A water moccasin skeleton (D:6)
  10 killer bees
  5 howler monkeys
  3 wights
  A bullfrog skeleton (D:10)
  3 human zombies (D:7)
  A quasit (D:10)
  3 bullfrog zombies
  2 centaur skeletons
  4 jellies
  8 orc priests
  Crazy Yiuf (D:6)
  3 hounds
  3 iron imps (D:7)
  15 orc wizards
  4 iguanas
  4 worker ants
  2 human skeletons (D:7)
  3 ogre zombies (D:11)
  2 hound skeletons
  3 mummies (D:7)
  Robin (D:3)
  3 worker ant zombies
  16 adders
  3 gnolls (D:5)
  A howler monkey skeleton (D:11)
  3 river rats
  A shadow imp (D:6)
  3 white imps
  An ufetubus (D:7)
  8 oozes
  An adder zombie (D:6)
  4 worms
  2 dart slugs
  6 leopard geckos
  34 orcs
  4 ball pythons
  8 giant cockroaches
  19 goblins
  13 hobgoblins
  7 jackals
  A quokka (D:8)
  8 bats
  5 frilled lizards
  A hobgoblin zombie (D:11)
  23 kobolds
  2 leopard gecko zombies
  An orc skeleton (D:7)
  6 orc zombies (D:11)
  2 quokka skeletons
  11 rats
331 creatures vanquished.

Vanquished Creatures (others)
  An orc wizard (D:6)
  33 plants (D:8)
34 creatures vanquished.

Grand Total: 365 creatures vanquished

Notes
Turn   | Place    | Note
-------+----------+-------------------------------------------
     0 | D:1      | wakim the Gargoyle Earth Elementalist began the quest for
                  | the Orb.
     0 | D:1      | Reached XP level 1. HP: 10/10 MP: 3/3
    63 | D:1      | Reached skill level 1 in Transmutations
    63 | D:1      | Reached XP level 2. HP: 15/15 MP: 1/5
   656 | D:1      | Reached skill level 4 in Earth Magic
   751 | D:1      | Reached XP level 3. HP: 12/19 MP: 6/6
  1707 | D:2      | Reached XP level 4. HP: 5/24 MP: 6/8
  2454 | D:2      | Found a sparkling altar of Nemelex Xobeh.
  2624 | D:2      | Gained mutation: Your spells are a little harder to cast,
                  | but a little more powerful. [potion of mutation]
  2624 | D:2      | Gained mutation: You are somewhat resistant to further
                  | mutation. [potion of mutation]
  2664 | D:3      | Noticed Robin
  2688 | D:3      | Reached skill level 5 in Earth Magic
  2695 | D:3      | Killed Robin
  2696 | D:3      | Reached XP level 5. HP: 25/28 MP: 1/9
  2937 | D:3      | Noticed Sigmund
  3474 | D:3      | Learned a level 3 spell: Stone Arrow
  3716 | D:3      | Found a shimmering blue altar of Sif Muna.
  4224 | D:4      | Reached skill level 1 in Conjurations
  4224 | D:4      | Reached XP level 6. HP: 22/32 MP: 8/11
  4601 | D:4      | Found a glowing golden altar of the Shining One.
  4633 | D:4      | Reached skill level 6 in Earth Magic
  4820 | D:4      | Found a bloodstained altar of Trog.
  4820 | D:4      | Found an ornate altar of the Wu Jian Council.
  4934 | D:5      | Entered Level 5 of the Dungeon
  4941 | D:5      | Reached XP level 7. HP: 36/36 MP: 8/13
  5256 | D:5      | Got a pair of bloodstained gloves
  5276 | D:5      | Identified the -1 pair of gloves of the Morning {rElec}
                  | (You found it on level 5 of the Dungeon)
  5292 | D:5      | Found a glowing drain.
  5327 | D:5      | Reached skill level 7 in Earth Magic
  5335 | Sewer    | Entered a sewer
  5909 | Sewer    | Reached skill level 8 in Earth Magic
  6043 | Sewer    | Reached XP level 8. HP: 38/41 MP: 14/14
  6622 | D:5      | Reached skill level 5 in Conjurations
  7057 | D:6      | Found a hide-covered altar of Uskayaw.
  7057 | D:6      | Noticed a +0 hand axe
  7057 | D:6      | Noticed a +0 hand axe
  7058 | D:6      | Noticed Maggie
  7135 | D:6      | Reached skill level 5 in Spellcasting
  7135 | D:6      | Reached skill level 9 in Earth Magic
  7169 | D:6      | Noticed a hornet
  7170 | D:6      | Noticed a queen bee
  7209 | D:6      | Reached skill level 1 in Shields
  7253 | D:6      | Reached XP level 9. HP: 31/45 MP: 7/16
  7557 | D:6      | Found a runed translucent door.
  7558 | D:6      | Noticed Crazy Yiuf
  7570 | D:6      | Killed Crazy Yiuf
  7785 | D:6      | Noticed arkorax's ghost (novice DsNe)
  7795 | D:6      | Found a transporter.
  7802 | D:6      | Found a transporter.
  7910 | D:6      | Killed Maggie
  8006 | D:7      | Found Jimal's Antique Weapon Shoppe.
  8041 | D:7      | Found a burning altar of Makhleb.
  8150 | D:7      | Found a flagged portal.
  8268 | D:7      | Found a corrupted altar of Lugonu.
  8268 | D:7      | Noticed a red ugly thing
  8268 | D:7      | Noticed a green ugly thing
  8269 | D:7      | Noticed a red ugly thing
  8300 | D:7      | Reached skill level 5 in Shields
  8345 | D:7      | Found a transporter.
  8347 | D:7      | Noticed a fire crab
  8349 | D:7      | Found a transporter.
  8352 | D:7      | a fire crab changed into a yak
  8401 | D:7      | Found a white marble altar of Elyvilon.
  8403 | D:7      | Noticed Dowan
  8404 | D:7      | Noticed Duvessa
  8419 | D:7      | Killed Dowan
  8426 | D:7      | Killed Duvessa
  8427 | D:7      | Reached skill level 10 in Earth Magic
  8619 | D:7      | Found a staircase to the Ecumenical Temple.
  8696 | D:7      | Noticed a wolf spider
  8749 | D:7      | Found an ancient bone altar of Kikubaaqudgha.
  8928 | D:7      | Reached XP level 10. HP: 50/50 MP: 19/19
  8962 | D:7      | Learned a level 5 spell: Lee's Rapid Deconstruction
  9211 | Temple   | Entered the Ecumenical Temple
  9241 | Temple   | Became a worshipper of Vehumet
  9349 | D:8      | Found a glowing golden altar of the Shining One.
  9827 | D:8      | Found a sacrificial altar of Ru.
  9834 | D:8      | Found a staircase to the Lair.
 10103 | D:9      | Reached * piety under Vehumet
 10103 | D:9      | Offered knowledge of Foxfire by Vehumet.
 10281 | D:9      | Reached skill level 11 in Earth Magic
 10516 | D:9      | HP: 2/50 [wraith (9)]
 10521 | D:9      | Offered knowledge of Shock by Vehumet.
 10525 | D:9      | Upgraded the game from 0.27-a0-46-g34d46f0a3f to
                  | 0.27-a0-54-g64bdb92e38
 10605 | D:9      | Reached ** piety under Vehumet
 10613 | D:9      | Reached skill level 1 in Maces & Flails
 10874 | D:9      | Found a stormy altar of Qazlal.
 11504 | D:9      | Noticed a cyclops
 11521 | D:9      | Killed a cyclops
 11522 | D:9      | Reached skill level 1 in Fighting
 11547 | D:9      | Noticed a skeletal warrior
 11566 | D:9      | Killed a skeletal warrior
 11567 | D:9      | Reached XP level 11. HP: 56/57 MP: 2/20
 11831 | D:10     | Entered Level 10 of the Dungeon
 11837 | D:10     | Got a transparent leather armour
 11859 | D:10     | Identified the +0 leather armour "Zeberodgh" {Will+ Str+2
                  | Dex+4} (You found it on level 10 of the Dungeon)
 12270 | D:10     | Offered knowledge of Frozen Ramparts by Vehumet.
 12494 | D:10     | Reached *** piety under Vehumet
 12600 | D:10     | Learned a level 4 spell: Petrify
 12698 | D:10     | Noticed a two-headed ogre
 12712 | D:10     | Killed a two-headed ogre
 12713 | D:10     | Reached skill level 10 in Shields
 13146 | D:11     | Found a staircase to the Orcish Mines.
 13161 | D:11     | Offered knowledge of Ignite Poison by Vehumet.
 13195 | D:10     | Mangled by a shadow

Illustrated notes

Levels and vault maps discovered:
D:1:      eino_arrival_tree_alley, layout_basic, minmay_misc_feat_diagonals,
          minmay_misc_feat_plants, minmay_heptomino_h4
D:2:      layout_basic, nemelex_lonely_heart_becter
D:3:      layout_basic, lemuel_blue_sif_altar,
          wander_ebering_terrifying_dragon_lair, uniq_robin, uniq_sigmund
D:4:      layout_basic, kennysheep_little_box, gammafunk_temple_overflow_wave
D:5:      layout_rooms, portal_sewer_entry_c, hex_large,
          small_statue_intersection, minivault_19
D:6:      layout_gridville, dancing_weapons_uskayaw, gammafunk_ghost_hive,
          uniq_maggie, uniq_crazy_yiuf_cottage
D:7:      gammafunk_corrupted_shrine, layout_rooms, elyvilon_altar_3,
          demons_altar, lemuel_mausoleum_altar_kikubaaqudgha, serial_shops,
          nicolae_shop_behind_doors, enter_bailey_5, uniq_duvessa
D:8:      layout_cave_pools, lemuel_crystal_altar, david_lair_shrubbed,
          minmay_misc_feat_encased, nicolae_tso_swordbearing_angel
D:9:      minmay_cornered_nines, layout_loops_corners, kennysheep_mini_moat,
          grunt_decor_clamped, nicolae_benzene_ring
D:10:     layout_cave_pools
D:11:     layout_long_grid, zombieorc1_lemuel
Temple:   minmay_temple_bridge_abc

Skill      XL: |  1  2  3  4  5  6  7  8  9 10 11 |
---------------+----------------------------------+-----
Transmutations | 1 |  1.1
Earth Magic    | 4 5 6 8 9 10 11 | 11.9
Spellcasting   | 3 4 5 6 |  6.0
Conjurations   | 1 4 5 6 7 |  7.3
Stealth        | 3 4 |  4.0
Shields        | 2 6 9 10 | 10.1
Maces & Flails | 3 4 |  4.0
Fighting       | 1 3 |  3.5
Dodging        | |  1.9

Action                   |  1- 3 |  4- 6 |  7- 9 | 10-12 || total
-------------------------+-------+-------+-------+-------++-------
Melee: Unarmed           |     6 |       |       |       ||     6
       Short sword       |   132 |    67 |       |       ||   199
       Mace              |       |    81 |   556 |   354 ||   991
 Cast: Sandblast         |    17 |    48 |    69 |    21 ||   155
       Stone Arrow       |       |       |     9 |    92 ||   101
       Lee's Rapid Decon |       |       |       |    10 ||    10
  Use: Scroll            |     2 |     5 |     3 |     8 ||    18
       Potion            |       |     2 |     4 |     1 ||     7
 Stab: Sleeping          |     2 |     6 |    16 |     5 ||    29
Armor: Robe              |    23 |    65 |   266 |    72 ||   426
       Ring mail         |    32 |    23 |       |       ||    55
       Skin              |       |       |     3 |       ||     3
       Leather armour    |       |       |       |   152 ||   152
Dodge: Dodged            |   100 |   116 |   300 |   173 ||   689
Block: Kite shield       |       |       |   124 |   243 ||   367

Table legend: (Time is in decaauts)
 A = Elapsed time spent in this place.
 B = Non-inter-level travel time spent in this place.
 C = Inter-level travel time spent in this place.
 D = Time resting spent in this place.
 E = Time spent auto-exploring this place.
 F = Levels seen in this place.
 G = Mean time per level.
                   A        B        C        D        E       F      G
               +--------+--------+--------+--------+--------+-----+--------+
         Total |  13782 |  13340 |    442 |    377 |   9000 |  13 | 1060.2 |
       Dungeon |  12325 |  11904 |    421 |    377 |   8060 |  11 | 1120.5 |
        Temple |     51 |     31 |     20 |      0 |     21 |   1 |   51.0 |
         Sewer |   1405 |   1405 |      0 |      0 |    919 |   1 | 1405.0 |
               +--------+--------+--------+--------+--------+-----+--------+

Top non-repeatable levels by time:
     D:9: 1958 daAuts
   Sewer: 1405 daAuts
     D:1: 1365 daAuts
     D:7: 1333 daAuts
     D:2: 1276 daAuts
     D:3: 1188 daAuts
     D:4: 1148 daAuts
    D:10: 1056 daAuts
     D:5: 1002 daAuts
     D:6: 920 daAuts
     D:8: 868 daAuts
    D:11: 207 daAuts
  Temple: 51 daAuts
